 Dungeon Crawl Stone Soup version 0.28.0-53-g5a82cb258f (webtiles) character file.

Game seed: 12395424297214932371

4 Icepheonix32 the Firebug (level 1, 0/14 HPs)
             Began as a Draconian Fire Elementalist on June 6, 2022.
             Slain by a kobold
             ... wielding a +0 club
              (1 damage)
             ... on level 1 of the Dungeon.
             The game lasted 00:00:22 (48 turns).

Icepheonix32 the Firebug (DrFE)                       Turns: 48, Time: 00:00:23

Health: 0/14       AC:  4    Str: 10    XL:     1   Next: 50%
Magic:  2/3        EV: 12    Int: 15    God:
Gold:   12         SH:  0    Dex: 11    Spells: 3/4 levels left

rFire   . . .      SeeInvis .   (no weapon)
rCold   . . .      Faith    .   (no shield)
rNeg    . . .      Spirit   .   (armour unavailable)
rPois   .          Reflect  .   (helmet restricted)
rElec   .          Harm     .   (no cloak)
rCorr   .          Rampage  .   (no gloves)
Will    .....                   (no boots)
Stlth   ++........              (no amulet)
HPRegen 0.04/turn               (no ring)
MPRegen 0.08/turn               (no ring)

@: no status effects
A: AC +4, unfitting armour, cold-blooded
a: no special abilities


You were on level 1 of the Dungeon.
You visited 1 branch of the dungeon, and saw 1 of its levels.

You collected 12 gold pieces.

You aren't carrying anything.


   Skills:
 + Level 1.9 Dodging
 - Level 1.7 Stealth
 - Level 2.0 Spellcasting
 - Level 1.0 Conjurations
 + Level 3.2 Fire Magic


You had 3 spell levels left.
You knew the following spells:

 Your Spells              Type           Power      Damage    Failure   Level
a - Foxfire               Conj/Fire      28%        2x1d5     10%         1

Your spell library contained the following spells:

 Spells                   Type           Power      Damage    Failure   Level
 Scorch                   Fire           22%        2d6       9%          2
 Conjure Flame            Conj/Fire      7%         6-21      28%         3
 Inner Flame              Hex/Fire       6%         N/A       34%         3
 Flame Wave               Conj/Fire      7%         2d5       67%         4


Dungeon Overview and Level Annotations

Branches:
Dungeon (1/15)

Altars:


Innate Abilities, Weirdness & Mutations

Your plain brown scales are hard. (AC +4)
You cannot fit into any form of body armour.
You are cold-blooded and may be slowed by cold attacks.


Message History

The frilled lizard bites you but does no damage.
The bat hits you but does no damage.
You hit the frilled lizard.
You kill the frilled lizard!
The bat hits you but does no damage.
You hit the rat.
You kill the rat!
The bat hits you but does no damage.
You hit the kobold.
The kobold is moderately wounded.
The bat hits you but does no damage. x2; The kobold barely misses you.
You hit the kobold but do no damage.
Your tail-slap misses the kobold.
The kobold is moderately wounded.
The bat closely misses you. x2; The kobold hits you with a +0 club.
* * * LOW HITPOINT WARNING * * *
You barely miss the kobold.
The kobold is moderately wounded.
The bat misses you. The kobold hits you with a +0 club.
* * * LOW HITPOINT WARNING * * *
The bat misses you.
You barely miss the kobold.
The kobold is moderately wounded.
The bat closely misses you. The kobold hits you with a +0 club.
* * * LOW HITPOINT WARNING * * *
The bat hits you but does no damage.
Casting: Foxfire (safe; 10% risk of failure)
Confirm with . or Enter, or press ? or * to list all spells.
There is not enough space to conjure foxfire!
You barely miss the kobold.
The kobold is moderately wounded.
The bat closely misses you. The kobold hits you but does no damage.
You hit the kobold but do no damage.
The kobold is moderately wounded.
The bat barely misses you. The kobold hits you with a +0 club.
* * * LOW HITPOINT WARNING * * *
The bat barely misses you.
You hit the kobold.
The kobold is severely wounded.
The bat hits you but does no damage. The kobold hits you with a +0 club.
You die...

####### #.....#### .#
#..⌠.....#######.$#
####.........#.K@br..#
#.#......#.....####...#
#........###..## .#
...#..<..# ##...#
.........# $...#
..#......# .....# .
##.........#..#
#..⌠.....# ...
#.....#### ...#


You could see a bat, a kobold and a rat.

Vanquished Creatures
  A ball python (D:1)
  A jackal (D:1)
  A frilled lizard (D:1)
  A rat (D:1)
4 creatures vanquished.

Vanquished Creatures (others)
  5 foxfires (D:1)
5 creatures vanquished.

Grand Total: 9 creatures vanquished

Notes
Turn   | Place    | Note
-------+----------+-------------------------------------------
     0 | D:1      | Icepheonix32 the Draconian Fire Elementalist began the
                  | quest for the Orb.
     0 | D:1      | Reached XP level 1. HP: 14/14 MP: 3/3
    48 | D:1      | Slain by a kobold

Illustrated notes

Levels and vault maps discovered:
D:1:      dpeg_arrival_arbitrary_c, layout_rooms

Action                   || total
-------------------------++-------
Melee: Unarmed           ||    23
       Tailslap          ||     1
       Punch             ||     1
 Cast: Foxfire           ||     3
Armor: Skin              ||    19
Dodge: Dodged            ||    36
